 Dungeon Crawl Stone Soup version 0.27-a0-1324-ge0d8e047f6 (webtiles) character file.

Game seed: 6937781319369182975

4082 Alarak the Blocker (level 10, 0/82 HPs)
             Began as a Gnoll Fighter on June 23, 2021.
             Was an Elder of Makhleb.
             Succumbed to a killer bee's poison
             ... on level 9 of the Dungeon.
             The game lasted 00:14:01 (7587 turns).

Alarak the Blocker (Gnoll Fighter)                  Turns: 7587, Time: 00:14:01

Health: 0/82       AC: 14    Str: 18    XL:     10   Next: 25%
Magic:  5/5        EV:  9    Int:  8    God:    Makhleb [****..]
Gold:   497        SH: 12    Dex: 21    Spells: 19/19 levels left

rFire    . . .     SeeInvis .   B - +8 rapier "Qaesaon" {antimagic, rElec Dex+3}
rCold    . . .     Faith    .   c - +0 kite shield
rNeg     + . .     Spirit   .   G - +0 chain mail
rPois    .         Reflect  .   (no helmet)
rElec    +         Harm     .   s - scarf {repulsion}
rCorr    .         Rampage  .   j - +2 pair of gloves
Will     .....                  (no boots)
Stlth    ..........             (no amulet)
HPRegen  0.23/turn              q - ring of positive energy
MPRegen  0.09/turn              F - +6 ring of dexterity

@: mighty, lethally poisoned (0 -> -10), repel missiles
A: fangs 1, strong nose, distributed training
a: Renounce Religion, Minor Destruction, Lesser Servant of Makhleb, Major
Destruction


You were on level 9 of the Dungeon.
You worshipped Makhleb.
Makhleb was greatly pleased with you.
You visited 1 branch of the dungeon, and saw 9 of its levels.

You collected 497 gold pieces.

Inventory:

Hand Weapons
 d - a +5 dagger of venom
 o - a +2 dagger of electrocution
 B - the +8 rapier "Qaesaon" (weapon) {antimagic, rElec Dex+3}
   (You found it on level 7 of the Dungeon)

   It reduces the magical energy of the wielder, and disrupts the spells and
   magical abilities of those hit.
   Natural abilities and divine invocations are not affected.
   It affects your dexterity (+3).
   It insulates you from electricity.
Armour
 c - a +0 kite shield (worn)
 j - a +2 pair of gloves (worn)
 s - a scarf of repulsion (worn)
 G - a +0 chain mail (worn)
Jewellery
 q - a ring of positive energy (left hand)
 w - a ring of magical power
 F - a +6 ring of dexterity (right hand)
Wands
 n - a wand of flame (36)
 y - a wand of digging (5)
 A - a wand of paralysis (8)
 C - a wand of mindburst (17)
Scrolls
 f - 4 scrolls of identify
 g - 4 scrolls of teleportation
 l - 2 scrolls of magic mapping {unknown}
 p - a scroll of amnesia {unknown}
 t - a scroll of acquirement {unknown}
 v - a scroll of fog
 x - 4 scrolls of enchant armour {unknown}
 E - 2 scrolls of enchant weapon
Potions
 a - a potion of magic {unknown}
 b - a potion of brilliance {unknown}
 e - a potion of degeneration
 h - 5 potions of curing {unknown}
 i - 3 potions of haste
 k - 2 potions of heal wounds {unknown}
 r - 2 potions of lignification {unknown}
 z - a potion of berserk rage {unknown}
 D - a potion of attraction {unknown}


   Skills:
 + Level 8.4 Fighting
 + Level 5.1 Short Blades
 + Level 6.9 Long Blades
 + Level 5.1 Axes
 + Level 5.1 Maces & Flails
 + Level 5.1 Polearms
 + Level 5.1 Staves
 + Level 5.1 Slings
 + Level 5.1 Bows
 + Level 5.1 Crossbows
 + Level 5.1 Throwing
 + Level 8.4 Armour
 + Level 5.1 Dodging
 + Level 5.1 Stealth
 + Level 8.4 Shields
 + Level 5.1 Unarmed Combat
 + Level 5.1 Spellcasting
 + Level 4.2 Conjurations
 + Level 4.2 Hexes
 + Level 4.2 Summonings
 + Level 4.2 Necromancy
 + Level 4.2 Translocations
 + Level 4.2 Transmutations
 + Level 4.2 Fire Magic
 + Level 4.2 Ice Magic
 + Level 4.2 Air Magic
 + Level 4.2 Earth Magic
 + Level 4.2 Poison Magic
 + Level 5.6 Invocations
 + Level 5.1 Evocations


You had 19 spell levels left.
You didn't know any spells.
Your spell library contained the following spells:

 Spells                   Type           Power      Damage    Failure   Level
 Animate Skeleton         Necr           16%        N/A       71%         1
 Beastly Appendage        Tmut           16%        N/A       71%         1
 Corona                   Hex            8%         N/A       71%         1
 Pain                     Necr           32%        1d5       71%         1
 Ensorcelled Hibernation  Hex/Ice        16%        N/A       83%         2
 Wereblood                Tmut           8%         N/A       83%         2
 Confusing Touch          Hex            8%         N/A       97%         3
 Dazzling Flash           Conj/Hex       16%        N/A       97%         3
 Spider Form              Tmut/Pois      4%         N/A       97%         3
 Tukima's Dance           Hex            8%         N/A       97%         3
 Vampiric Draining        Necr           4%         2d6       97%         3
 Animate Dead             Necr           4%         N/A       100%        4
 Ice Form                 Ice/Tmut       8%         N/A       100%        4
 Agony                    Necr           8%         N/A       100%        5
 Blade Hands              Tmut           4%         N/A       100%        5
 Irradiate                Conj/Tmut      4%         3d15      100%        5
 Statue Form              Tmut/Erth      5%         N/A       100%        6
 Dragon Form              Tmut           4%         N/A       100%        7
 Storm Form               Tmut/Air       4%         N/A       100%        7


Dungeon Overview and Level Annotations

Branches:
Dungeon (9/15)             Temple (0/1) D:7
   Lair: D:8-11         Orc: D:9-12

Altars:
Makhleb
Yredelemnul

Shops:
D:3 (   D:6 =   D:8 !


Innate Abilities, Weirdness & Mutations

You have very sharp teeth.
Your uncanny sense of smell can sniff out nearby items.
Your experience applies equally to all skills.


Message History

You feel very sick.
The killer bee stings you but does no damage.
The killer bee misses you. You block the killer bee's attack.
The killer bee closely misses you. x2; You block the killer bee's attack.
You puncture the killer bee! Your bite misses the killer bee.
The killer bee is severely wounded.
You feel sick. The killer bee barely misses you.
You block the killer bee's attack.
The killer bee stings you but does no damage.
You block the killer bee's attack.
The killer bee stings you but does no damage.
The killer bee closely misses you.
The killer bee stings you but does no damage.
You puncture the killer bee!
You kill the killer bee!
Makhleb accepts your kill.
You feel better.
You feel sick. The killer bee stings you.
* * * LOW HITPOINT WARNING * * *
The killer bee stings you.
* * * LOW HITPOINT WARNING * * *
You block the killer bee's attack. x2; The killer bee barely misses you.
You miss the killer bee. Your bite misses the killer bee.
You feel sick.
The killer bee stings you but does no damage.
You block the killer bee's attack.
The killer bee stings you but does no damage.
The killer bee barely misses you. The killer bee closely misses you.
The killer bee stings you.
* * * LOW HITPOINT WARNING * * *
You are lethally poisoned!
The killer bee poisons you!
You feel very mighty all of a sudden.
* * * LOW HITPOINT WARNING * * *
You feel very sick. You block the killer bee's attack.
The killer bee stings you!
* * * LOW HITPOINT WARNING * * *
The killer bee stings you but does no damage. x3
You block the killer bee's attack.
You puncture the killer bee!
The killer bee is severely wounded.
You die...

#.......#........
#...<...#..[.....
#...###.#........
#.......#........
#.......#........
#.......#......#
#.......#......#
#.......#y######.
#.......y@y......
#............#...
#............#
#............#
#............#
#..............
#..###..#+######
#.. #..#


You could see 3 killer bees.

Vanquished Creatures
  Pikel (D:7)
  A hornet (D:8)
  Sigmund (D:2)
  A wyvern (D:9)
  2 steam dragons
  A water moccasin (D:5)
  A sky beast (D:7)
  A black bear (D:4)
  A hornet zombie (D:8)
  2 necrophages
  An ogre (D:6)
  3 centaurs
  A lemure (D:7)
  3 bullfrogs
  3 scorpions
  3 wyvern zombies
  2 water moccasin skeletons
  3 killer bees (D:9)
  9 wights
  A centaur zombie (D:8)
  An orc priest (D:8)
  3 hounds
  2 jellies
  A gnoll shaman (D:3)
  Jessica (D:2)
  Natasha (thrice) (D:2)
  2 iguanas
  5 orc wizards
  2 killer bee zombies (D:8)
  2 howler monkey zombies (D:8)
  11 adders
  8 gnolls
  A shadow imp (D:5)
  A white imp (D:5)
  An ufetubus (D:4)
  2 worms
  3 dart slugs
  21 orcs
  8 ball pythons
  5 bats
  9 endoplasms
  A giant cockroach (D:4)
  5 goblins
  15 hobgoblins
  6 jackals
  7 quokkas
  5 frilled lizards
  8 kobolds
  3 rats
183 creatures vanquished.

Notes
Turn   | Place    | Note
-------+----------+-------------------------------------------
     0 | D:1      | Alarak the Gnoll Fighter began the quest for the Orb.
     0 | D:1      | Reached XP level 1. HP: 23/23 MP: 1/1
    79 | D:1      | Reached XP level 2. HP: 21/29 MP: 2/2
   276 | D:1      | Reached XP level 3. HP: 25/35 MP: 3/3
   611 | D:1      | Found a faded altar of an unknown god.
   664 | D:1      | Became a worshipper of Makhleb the Destroyer
   664 | D:1      | Reached * piety under Makhleb
   770 | D:2      | Reached skill level 1 in Invocations
   789 | D:2      | Noticed Natasha
   796 | D:2      | Killed Natasha
   797 | D:2      | Reached skill level 1 in Short Blades
   797 | D:2      | Reached skill level 1 in Axes
   797 | D:2      | Reached skill level 1 in Maces & Flails
   797 | D:2      | Reached skill level 1 in Polearms
   797 | D:2      | Reached skill level 1 in Staves
   797 | D:2      | Reached skill level 1 in Slings
   797 | D:2      | Reached skill level 1 in Bows
   797 | D:2      | Reached skill level 1 in Crossbows
   797 | D:2      | Reached skill level 1 in Throwing
   797 | D:2      | Reached skill level 1 in Dodging
   797 | D:2      | Reached skill level 1 in Stealth
   797 | D:2      | Reached skill level 1 in Unarmed Combat
   797 | D:2      | Reached skill level 1 in Spellcasting
   797 | D:2      | Reached skill level 1 in Evocations
   797 | D:2      | Reached XP level 4. HP: 32/41 MP: 5/5
   896 | D:2      | Noticed Sigmund
   909 | D:2      | Killed Sigmund
   910 | D:2      | Reached skill level 1 in Conjurations
   910 | D:2      | Reached skill level 1 in Hexes
   910 | D:2      | Reached skill level 1 in Summonings
   910 | D:2      | Reached skill level 1 in Necromancy
   910 | D:2      | Reached skill level 1 in Translocations
   910 | D:2      | Reached skill level 1 in Transmutations
   910 | D:2      | Reached skill level 1 in Fire Magic
   910 | D:2      | Reached skill level 1 in Ice Magic
   910 | D:2      | Reached skill level 1 in Air Magic
   910 | D:2      | Reached skill level 1 in Earth Magic
   910 | D:2      | Reached skill level 1 in Poison Magic
   910 | D:2      | Reached XP level 5. HP: 19/47 MP: 5/7
   964 | D:2      | Noticed Natasha
  1205 | D:2      | Killed Natasha
  1206 | D:2      | Reached XP level 6. HP: 53/53 MP: 8/8
  1247 | D:2      | Noticed Natasha
  1259 | D:2      | Killed Natasha
  1380 | D:2      | Noticed Jessica
  1388 | D:2      | Killed Jessica
  1389 | D:2      | Reached skill level 5 in Long Blades
  1954 | D:3      | Reached ** piety under Makhleb
  2087 | D:3      | Found Illicho's Antique Weapon Emporium.
  2462 | D:3      | Reached XP level 7. HP: 56/59 MP: 10/10
  3473 | D:4      | Reached *** piety under Makhleb
  3813 | D:5      | Entered Level 5 of the Dungeon
  3819 | D:5      | Reached XP level 8. HP: 67/67 MP: 12/12
  5066 | D:6      | Found Zaehicheo's Jewellery Shop.
  5290 | D:6      | Reached XP level 9. HP: 72/72 MP: 14/14
  5806 | D:7      | Identified the +8 rapier "Qaesaon" {antimagic, rElec Dex+3}
  6161 | D:7      | Found a staircase to the Ecumenical Temple.
  6198 | D:7      | Noticed Pikel
  6212 | D:7      | Killed Pikel
  6511 | D:8      | Reached **** piety under Makhleb
  6589 | D:8      | Reached skill level 5 in Invocations
  6780 | D:8      | Noticed a hornet
  6792 | D:8      | Killed a hornet
  6793 | D:8      | Reached XP level 10. HP: 53/80 MP: 5/17
  6937 | D:8      | Found a basalt altar of Yredelemnul.
  7063 | D:8      | Found Acaqe's Distillery.
  7351 | D:9      | Reached skill level 5 in Short Blades
  7351 | D:9      | Reached skill level 5 in Axes
  7351 | D:9      | Reached skill level 5 in Maces & Flails
  7351 | D:9      | Reached skill level 5 in Polearms
  7351 | D:9      | Reached skill level 5 in Staves
  7351 | D:9      | Reached skill level 5 in Slings
  7351 | D:9      | Reached skill level 5 in Bows
  7351 | D:9      | Reached skill level 5 in Crossbows
  7351 | D:9      | Reached skill level 5 in Throwing
  7351 | D:9      | Reached skill level 5 in Dodging
  7351 | D:9      | Reached skill level 5 in Stealth
  7351 | D:9      | Reached skill level 5 in Unarmed Combat
  7351 | D:9      | Reached skill level 5 in Spellcasting
  7351 | D:9      | Reached skill level 5 in Evocations
  7586 | D:9      | HP: 2/82 [killer bee (7)]
  7587 | D:9      | Succumbed to a killer bee's poison

Illustrated notes

Levels and vault maps discovered:
D:1:      dpeg_arrival_three_same_balls, layout_rooms,
          hellmonk_ecumenical_altar_inner_sanctum
D:2:      minmay_alternating_diamond, layout_rooms, uniq_sigmund, uniq_jessica,
          uniq_natasha
D:3:      layout_basic, serial_shops, nicolae_shop_statue_plus,
          grunt_ministairs_11
D:4:      minmay_bubble_buster, layout_gridville
D:5:      layout_loops_ring
D:6:      layout_loops_ring, serial_shops, nicolae_inconvenience_store,
          kennysheep_generic_room_3
D:7:      layout_rooms, minmay_temple_entry_statues_pillars, uniq_pikel
D:8:      layout_rooms, nicolae_yredelemnul_corpse_copse, serial_shops, shop,
          grunt_ministairs_4
D:9:      layout_stronghold

Skill      XL: |  1  2  3  4  5  6  7  8  9 10 |
---------------+-------------------------------+-----
Invocations    | 1 2 3 4 5 |  5.6
Short Blades   | 1 2 3 4 5 |  5.1
Axes           | 1 2 3 4 5 |  5.1
Maces & Flails | 1 2 3 4 5 |  5.1
Polearms       | 1 2 3 4 5 |  5.1
Staves         | 1 2 3 4 5 |  5.1
Slings         | 1 2 3 4 5 |  5.1
Bows           | 1 2 3 4 5 |  5.1
Crossbows      | 1 2 3 4 5 |  5.1
Throwing       | 1 2 3 4 5 |  5.1
Dodging        | 1 2 3 4 5 |  5.1
Stealth        | 1 2 3 4 5 |  5.1
Unarmed Combat | 1 2 3 4 5 |  5.1
Spellcasting   | 1 2 3 4 5 |  5.1
Evocations     | 1 2 3 4 5 |  5.1
Conjurations   | 1 2 3 4 |  4.2
Hexes          | 1 2 3 4 |  4.2
Summonings     | 1 2 3 4 |  4.2
Necromancy     | 1 2 3 4 |  4.2
Translocations | 1 2 3 4 |  4.2
Transmutations | 1 2 3 4 |  4.2
Fire Magic     | 1 2 3 4 |  4.2
Ice Magic      | 1 2 3 4 |  4.2
Air Magic      | 1 2 3 4 |  4.2
Earth Magic    | 1 2 3 4 |  4.2
Poison Magic   | 1 2 3 4 |  4.2
Long Blades    | 5 6 |  6.9
Fighting       | 7 8 |  8.4
Armour         | 7 8 |  8.4
Shields        | 7 8 |  8.4

Action                   |  1- 3 |  4- 6 |  7- 9 | 10-12 || total
-------------------------+-------+-------+-------+-------++-------
Melee: Long sword        |    83 |    47 |       |       ||   130
       Bite              |     9 |    14 |    53 |     5 ||    81
       Dagger            |       |    93 |   235 |       ||   328
       Rapier            |       |       |   129 |    87 ||   216
Throw: Throwing net      |       |       |     2 |       ||     2
Invok: Minor Destruction |       |       |     9 |       ||     9
  Use: Potion            |       |     1 |       |     1 ||     2
       Scroll            |       |       |     8 |       ||     8
Armor: Scale mail        |    36 |    62 |    92 |       ||   190
       Chain mail        |       |       |    34 |    53 ||    87
Dodge: Dodged            |    21 |    48 |   126 |    50 ||   245
       Repelled          |       |       |     2 |       ||     2
Block: Kite shield       |    53 |    80 |   202 |    74 ||   409
       Rpst.: Long sword |     4 |     4 |       |       ||     8

Table legend: (Time is in decaauts)
 A = Elapsed time spent in this place.
 B = Non-inter-level travel time spent in this place.
 C = Inter-level travel time spent in this place.
 D = Time resting spent in this place.
 E = Time spent auto-exploring this place.
 F = Levels seen in this place.
 G = Mean time per level.
                   A        B        C        D        E       F      G
               +--------+--------+--------+--------+--------+-----+--------+
         Total |   7675 |   7216 |    459 |   1331 |   4592 |   9 |  852.8 |
       Dungeon |   7675 |   7216 |    459 |   1331 |   4592 |   9 |  852.8 |
               +--------+--------+--------+--------+--------+-----+--------+

Top non-repeatable levels by time:
     D:6: 1122 daAuts
     D:4: 1031 daAuts
     D:2: 1017 daAuts
     D:1: 961 daAuts
     D:3: 870 daAuts
     D:5: 851 daAuts
     D:8: 806 daAuts
     D:7: 702 daAuts
     D:9: 311 daAuts
